 Dungeon Crawl Stone Soup version 0.31-a0-214-gb37851dbb3 (webtiles) character file.

Game seed: 12398155009037498610

21 qw the Shooter (level 2, -2/17 HPs)
             Began as a Gargoyle Hexslinger on July 1, 2023.
             Slain by a gnoll
             ... wielding a +0 flail of protection
              (7 damage)
             ... on level 1 of the Dungeon.
             The game lasted 00:00:16 (935 turns).

qw the Shooter (Gargoyle Hexslinger)                 Turns: 935, Time: 00:00:17

Health: -2/17      AC:  7    Str: 11    XL:     2   Next: 87%
Magic:  3/3        EV: 10    Int: 13    God:
Gold:   36         SH:  5    Dex: 12    Spells: 2/3 levels left

rFire   . . .        a - +1 sling
rCold   . . .        (no shield)
rNeg    + . .        f - +0 ring mail
rPois   inf          (no helmet)
rElec   +            (no cloak)
rCorr   .            (no gloves)
SInv    .            (no boots)
Will    .....        e - amulet of reflection
Stlth   +            (no ring)
HPRegen 0.22/turn    (no ring)
MPRegen 0.08/turn

%: reflection
@: no status effects
A: sickness immunity, AC +2, negative energy resistance 1, electricity
resistance, torment resistance 1, petrification resistance
a: no special abilities


You were on level 1 of the Dungeon.
You visited 1 branch of the dungeon, and saw 2 of its levels.

You collected 36 gold pieces.


Innate Abilities, Weirdness & Mutations

You are immune to sickness and miasma.
Your stone body is resilient. (AC +2)
You are immune to poison.
You resist negative energy. (rN+)
You are resistant to electric shocks. (rElec)
You are resistant to unholy torment.
You are immune to petrification.


   Skills:
 + Level 1.8 Fighting
 - Level 3.0 Ranged Weapons
 - Level 1.5 Dodging
 - Level 1.0 Spellcasting
 - Level 2.6 Hexes


You had 2 spell levels left.
You knew the following spells:

 Your Spells              Type           Power      Damage    Failure   Level
a - Slow                  Hex            28%        N/A       22%         1

Your spell library contained the following spells:

 Spells                   Type           Power      Damage    Failure   Level
 Inner Flame              Hex/Fire       4%         N/A       75%         3
 Portal Projectile        Hex/Tloc       8%         N/A       75%         3
 Cause Fear               Hex            3%         N/A       92%         4

Inventory:

Hand Weapons
 a - a +1 sling (weapon)
Armour
 f - a +0 ring mail (worn)
Jewellery
 e - an amulet of reflection (around neck)
Potions
 d - a potion of haste {unknown}
 g - a potion of curing {unknown}
 h - a potion of heal wounds {unknown}

Dungeon Overview and Level Annotations

Branches:
Dungeon (2/15)

Altars:

Shops:
D:1 [


Message History

The rat closely misses you.
You shoot a sling bullet. The sling bullet barely misses the rat.
The sling bullet hits the frilled lizard.
You kill the frilled lizard!
The rat closely misses you.
You shoot a sling bullet. The sling bullet barely misses the rat.
The sling bullet closely misses the gnoll.
The sling bullet completely misses the gnoll.
The rat bites you but does no damage.
A gnoll comes into view. It is wielding a +0 halberd.
You shoot a sling bullet. The sling bullet hits the rat.
You kill the rat!
The gnoll barely misses you. The gnoll closely misses you.
You shoot a sling bullet.
The sling bullet barely misses the gnoll.
The sling bullet hits the gnoll.
The gnoll is moderately wounded.
The gnoll barely misses you. You block the gnoll's attack.
The gnoll closely misses you.
You shoot a sling bullet.
The sling bullet closely misses the gnoll.
The sling bullet hits the gnoll.
The gnoll is moderately wounded.
The gnoll hits you but does no damage. You block the gnoll's attack.
The gnoll hits you with a +0 flail of protection.
The gnoll closely misses you. You block the gnoll's attack.
The gnoll closely misses you.
932 ||| STAIRDANCE You block the gnoll's attack.
The gnoll hits you from afar with a +0 spear.
The gnoll hits you from afar with a +0 halberd.
You climb upwards.
There is a stone staircase leading down here.
You shoot a sling bullet.
The sling bullet hits the gnoll but does no damage.
The gnoll barely misses you.
You shoot a sling bullet.
The sling bullet barely misses the gnoll.
The gnoll hits you with a +0 flail of protection!
You die...

#......###.#### #.####........#
#.########.##.# #..........##.#
########### # #.###########.###
#.........#
###.####..........###.#######.#
.........######.#..##.#######.#
....###........g..#...........#
##### #.#######.@###..........#
%...# #.#######...#.#.........#
###.# #.##.........###.#####..#
###.###.##......#..# #.# #..#
...................# #.# #..#
.#..####.#.....##.## #.# #..###
%...# #.#(....##.## #.# #..#.#
....# #.###.###...###.## #.....
.#### #............##..# #.....


You could see a gnoll.

Vanquished Creatures
  An endoplasm (D:1)
  3 goblins (D:1)
  2 hobgoblins (D:1)
  2 kobolds (D:1)
  2 quokkas (D:1)
  3 ball pythons (D:1)
  2 bats (D:1)
  3 frilled lizards
  2 rats
20 creatures vanquished.

Notes
Turn   | Place    | Note
-------+----------+-------------------------------------------
     0 | D:1      | qw the Gargoyle Hexslinger began the quest for the Orb.
     0 | D:1      | Reached XP level 1. HP: 12/12 MP: 2/2
     0 | D:1      | 0 ||| qw: Version: 0.3-a-32-g5962c71
     0 | D:1      | 0 ||| qw: Game counter: 7464
     0 | D:1      | 0 ||| qw: Melee chars always use a shield: true
     0 | D:1      | 0 ||| qw: God list: Okawaru
     0 | D:1      | 0 ||| qw: Allow faded altars: false
     0 | D:1      | 0 ||| qw: Do Orc after clearing Dungeon:15 true
     0 | D:1      | 0 ||| qw: Do second Lair branch before Depths: true
     0 | D:1      | 0 ||| qw: Lair rune preference: random
     0 | D:1      | 0 ||| qw: Goals: Normal
     0 | D:1      | 0 ||| PLANNING D:1-11
   107 | D:1      | Found Tiev's Armour Shop.
   127 | D:1      | 127 ||| SHOPLISTING +0 pair of boots (45 gold, have 16).
   127 | D:1      | 127 ||| SHOPLISTING +0 pair of gloves (45 gold, have 16).
   127 | D:1      | 127 ||| SHOPLISTING +0 ring mail (40 gold, have 16).
   127 | D:1      | 127 ||| SHOPLISTING +2 leather armour of cold resistance
                  | (190 gold, have 16).
   204 | D:1      | Reached XP level 2. HP: 16/16 MP: 3/3
   353 | D:1      | Reached skill level 3 in Ranged Weapons
   816 | D:1      | 816 ||| UPGRADING to +0 ring mail.
   826 | D:1      | 826 ||| DROPPING +0 robe.
   827 | D:1      | 827 ||| UPGRADING to amulet of reflection.
   832 | D:1      | 832 ||| DROPPING scroll of poison.
   879 | D:2      | 879 ||| STAIRDANCE
   919 | D:2      | 919 ||| STAIRDANCE
   932 | D:2      | 932 ||| STAIRDANCE
   932 | D:2      | HP: 4/17 [gnoll/+0 halberd (2)]
   935 | D:1      | Slain by a gnoll

Levels and vault maps discovered:
D:1:      dpeg_arrival_water_fire, layout_loops_ring, serial_shops, shop,
          nicolae_figureground_pulse
D:2:      layout_basic, basic_altar, uniq_crazy_yiuf_cottage

Skill      XL: |  1  2 |
---------------+-------+-----
Ranged Weapons | 3 |  3.0
Fighting       | |  1.8
Dodging        | |  1.5
Spellcasting   | |  1.0
Hexes          | |  2.6

Action                     || total
---------------------------++-------
   Fire: Sling             ||    58
 Armour: Robe              ||     4
         Ring mail         ||     5
  Dodge: Dodged            ||    21
  Block: Other             ||     8

Table legend:
 A = Non-vault XP
 B = Vault XP
 C = Vault XP percentage of total XP
 D = Non-vault monster count
 E = Vault monster count
 F = Vault count percentage of total count
                 A         B        C        D         E       F
            +---------+---------+-------+---------+---------+-------
      Total |      31 |       0 |   0.0 |      20 |       0 |   0.0
            +---------+---------+-------+---------+---------+-------
        D:1 |      29 |       0 |   0.0 |      18 |       0 |   0.0
        D:2 |       2 |       0 |   0.0 |       2 |       0 |   0.0
            +---------+---------+-------+---------+---------+-------
